 Dungeon Crawl Stone Soup version 0.30.0 (webtiles) character file.

Game seed: 17215175173319068271

15324 edsrzf the Basher (level 12, -15/86 HPs)
             Began as a Mummy Reaver on May 20, 2023.
             Was a High Priest of Nemelex Xobeh.
             Killed by dispel undead
             ... invoked by Josephine
              (24 damage)
             ... on level 11 of the Dungeon.
             The game lasted 00:28:50 (9378 turns).

edsrzf the Basher (Mummy Reaver)                    Turns: 9378, Time: 00:28:51

Health: -15/86     AC: 23    Str: 22    XL:     12   Next: 0%
Magic:  20/20      EV:  6    Int: 21    God:    Nemelex Xobeh [*****.]
Gold:   1611       SH: 32    Dex: 10    Spells: 20/21 levels left

rFire   + . .        a - +2 flail (protect)
rCold   + . .        G - +18 shield of the Gong {Loud rN+ Will+ rCorr EV-5}
rNeg    + + +        I - +3 leather armour
rPois   ∞            (no helmet)
rElec   .            p - +2 cloak
rCorr   +            L - +2 pair of gloves "Benih" {rPois rF+ Dex-2}
SInv    +            (no boots)
Will    +++..        K - amulet "Weman" {Reflect Dex+2 Slay+3 SH+5 SInv}
Stlth   +            b - ring of Qeisal {Contam rPois Will+ Int+6 Slay+3}
HPRegen 0.34/turn    v - ring "Peyrore" {rF+ AC+4 Str+4}
MPRegen 0.17/turn

%: reflection, faith
@: under a protective aura, studying Long Blades
A: cold resistance 1, negative energy resistance 3, torment resistance 2, heat
vulnerability 1, in touch with death 1, no potions, faith
a: Renounce Religion, Draw Escape, Draw Destruction, Draw Summoning, Triple
Draw, Deal Four, Stack Five


You were on level 11 of the Dungeon.
You worshipped Nemelex Xobeh.
Nemelex Xobeh was extremely pleased with you.
You visited 1 branch of the dungeon, and saw 11 of its levels.
You also visited: Sewer and Bailey.

You collected 1756 gold pieces.
You spent 145 gold pieces at shops.

Inventory:

Hand Weapons
 a - a +2 flail of protection (weapon)
Missiles
 j - 45 poisoned darts
 A - 4 throwing nets {=f}
 D - 6 curare-tipped darts
Armour
 g - an orb of light
 p - a +2 cloak (worn)
 G - the +18 shield of the Gong (worn) {Loud rN+ Will+ rCorr EV-5}
   (You acquired it in a bailey)

   Loud:      It is deafeningly noisy when blocking attacks.
   EV:        It affects your evasion (-5).
   rN:        It protects you from negative energy.
   rCorr:     It protects you from acid and corrosion.
   Will:      It increases your willpower.
 I - a +3 leather armour (worn)
 L - the +2 pair of gloves "Benih" (worn) {rPois rF+ Dex-2}
   (You found it on level 10 of the Dungeon)

   Dex:       It affects your dexterity (-2).
   rF:        It protects you from fire.
   rPois:     It protects you from poison.
Jewellery
 b - the ring of Qeisal (left hand) {Contam rPois Will+ Int+6 Slay+3}
   (You bought it in a shop on level 9 of the Dungeon)

   [ring of intelligence]

   Int:       It affects your intelligence (+6).
   Slay:      It affects your accuracy & damage with ranged weapons and melee
   (+3).
   rPois:     It protects you from poison.
   Contam:    It causes magical contamination when unequipped.
   Will:      It increases your willpower.
 c - an amulet of guardian spirit
 e - a ring of ice
 k - a ring of fire
 v - the ring "Peyrore" (right hand) {rF+ AC+4 Str+4}
   (You acquired it on level 6 of the Dungeon)

   [ring of protection]

   AC:        It affects your AC (+4).
   Str:       It affects your strength (+4).
   rF:        It protects you from fire.
 w - a +4 ring of slaying
 B - a +5 ring of evasion
 E - a ring of protection from cold
 F - an amulet of regeneration
 K - the amulet "Weman" (around neck) {Reflect Dex+2 Slay+3 SH+5 SInv}
   (You found it on level 10 of the Dungeon)

   [amulet of reflection]

   It reflects blocked missile attacks.
   Dex:       It affects your dexterity (+2).
   Slay:      It affects your accuracy & damage with ranged weapons and melee
   (+3).
   SInv:      It lets you see invisible.
   SH:        It affects your SH (+5).
Wands
 t - a wand of charming (8)
 x - a wand of polymorph (4)
 y - a wand of digging (7)
 C - a wand of flame (39)
Scrolls
 d - 2 scrolls of vulnerability
 f - 3 scrolls of blinking
 h - 5 scrolls of poison
 i - 2 scrolls of fog
 l - 3 scrolls of brand weapon
 m - a scroll of immolation
 o - 3 scrolls of enchant weapon
 q - a scroll of torment {!r}
 r - 2 scrolls of amnesia
 s - 3 scrolls of enchant armour
 u - 2 scrolls of silence {!r}
 z - a scroll of teleportation {@r3}
 H - 2 scrolls of magic mapping
Miscellaneous
 n - a piece from Xom's chessboard (15/15)


   Skills:
 - Level 5.2 Fighting
 + Level 13.5 Maces & Flails
 - Level 3.2 Dodging
 + Level 7.0 Shields
 - Level 5.3 Spellcasting
 - Level 2.4 Conjurations
 - Level 3.0 Invocations


You had 20 spell levels left.
You knew the following spells:

 Your Spells              Type           Power      Damage    Failure   Level
a - Kiss of Death         Conj/Necr      64%        2d10      16%         1

Your spell library contained the following spells:

 Spells                   Type           Power      Damage    Failure   Level
 Momentum Strike          Conj/Tloc      20%        3d8       22%         2
 Sting                    Tmut/Pois      20%        1d4       24%         1
 Ensorcelled Hibernation  Hex/Ice        10%        N/A       36%         2
 Poisonous Vapours        Pois/Air       10%        N/A       36%         2
 Hailstorm                Conj/Ice       10%        3d5       41%         3
 Call Canine Familiar     Summ           5%         N/A       58%         3
 Portal Projectile        Hex/Tloc       10%        N/A       58%         3
 Anguish                  Hex/Necr       4%         N/A       94%         4
 Leda's Liquefaction      Hex/Erth       2%         N/A       94%         4
 Olgreb's Toxic Radiance  Pois           5%         N/A       94%         4
 Simulacrum               Ice/Necr       4%         N/A       100%        6
 Ozocubu's Refrigeration  Ice            2%         4d8       100%        7
 Polar Vortex             Ice            2%         N/A       100%        9
 Spider Form              Tmut/Pois      Unusable   N/A       N/A         3

Dungeon Overview and Level Annotations

Branches:
Dungeon (11/15)            Temple (0/1) D:4            Lair (0/5) D:10
  Sewer (visited)          Bailey (visited)
    Orc: D:9-12

Altars:
Gozag
Hepliaklqana
Nemelex Xobeh
Trog
Vehumet
Yredelemnul

Shops:
D:4 =*[!   D:9 *

Portals:
Trove: D:10 (show abyssal rune of Zot)

Annotations:
D:6 1 runed translucent door
D:11 Josephine


Innate Abilities, Weirdness & Mutations

You are immune to poison.
Your flesh is cold resistant. (rC+)
You are immune to negative energy. (rN+++)
You are immune to unholy pain and torment.
You are vulnerable to heat. (rF-)
You are in touch with the powers of death.
You do not drink.
You have a special connection with the divine. (Faith)


Message History

Josephine says, "I'll make a rug of your skin."
Josephine drinks a potion.
Josephine seems to speed up.
You block the wraith's attack.
GONNNNG!
You hear a shout!
You hit the wraith but do no damage.
The wraith is moderately damaged.
You barely miss Josephine. You bludgeon Josephine!!
Josephine is moderately wounded.
Josephine points at you and mumbles some strange words.
You convulse!
You block Josephine's attack.
GONNNNG!
You hear a shout!
You hit Josephine.
Josephine is moderately wounded.
A wraith comes into view.
You block Josephine's attack.
GONNNNG!
You hit Josephine.
Josephine is heavily wounded.
You block Josephine's attack.
GONNNNG!
You hear a shout! x3
You closely miss Josephine.
Josephine is heavily wounded.
You block Josephine's attack.
SHROANNG!
You block Josephine's attack.
PTOANNNG!
You hit Josephine.
Josephine is heavily wounded.
You block Josephine's attack.
GONNNNG!
You hear a shout!
You sock Josephine!
Josephine is heavily wounded.
You block Josephine's attack.
SHROANNG!
You hear a shout!
You thump Josephine!
Josephine is severely wounded.
Josephine casts a spell at you.
You convulse!
* * * LOW HITPOINT WARNING * * *
You draw a card...
You have drawn Vitriol.
Press: ? - help, Shift-Dir - straight line, f - Josephine
Aim: Josephine, wielding a +0 dagger and wearing a +2 robe of fire resistance (severely wounded, fast)
The bolt of acid misses Josephine.
The bolt of acid hits the kobold!!!
The acid corrodes the kobold!
You kill the kobold!
The bolt of acid hits the wraith!!
The acid corrodes the wraith!
You destroy the wraith!
Josephine laughs insanely.
You block Josephine's attack.
GONNNNG!
You block Josephine's attack.
GONNNNG!
Your Shields skill increases to level 7!
You have reached level 12!
Okay, then.
You draw a card...
You have drawn the Storm.
A fierce wind blows from the card.
The wraith is knocked back by the gust of wind. x2
Josephine is knocked back by the gust of wind.
Josephine collides with the wraith!
The wraith is moderately damaged.
Josephine is severely wounded.
The electrical discharge engulfs the wraith!!
The wraith is heavily damaged.
The electrical discharge engulfs the wraith!
The wraith is almost destroyed.
The electrical discharge engulfs Josephine.
Josephine is almost dead.
You hear a mighty peal of thunder!
An orc wizard comes into view. It is wielding a +2 dagger of speed.
You draw a card...
You reveal a symbol of torment!
Josephine convulses!
The orc wizard convulses!
You have drawn Pain.
Press: ? - help, Shift-Dir - straight line, f/p - Josephine
Aim: Josephine, wielding a +0 dagger and wearing a +2 robe of fire resistance (almost dead, fast)
The bolt of negative energy hits Josephine.
Josephine completely resists.
Josephine is almost dead.
The bolt of negative energy hits the wraith.
The wraith completely resists.
The wraith is almost destroyed.
The bolt of negative energy hits the orc wizard!!
The orc wizard is drained!
You kill the orc wizard!
You block Josephine's attack.
PTOANNNG!
You hear a shout! x4
You draw a card...
You have drawn Wild Magic.
Multicoloured lights dance around Josephine.
Josephine twists and deforms.
The wraith is caught in an explosion of electrical discharges!
The wraith shivers with cold.
The wraith resists.
You destroy the wraith!
You feel a surge of magic. You block Josephine's attack.
PTOANNNG!
Josephine points at you and mumbles some strange words.
You convulse!
You die...
Your body glows with a rainbow of weird colours and disappears.

#......# #....W#
#.....# #....)#
##..))# #..).#
####)##
############..#####
.........)@@W....)..
##########<###.~####
#.# .~≈# #.# .~≈~.
#.~ .~~.# #.. ....K
#≈~~ .~.S ##≈≈ #≈≈


You could see Josephine (fast, misshapen) and a wraith.

Vanquished Creatures
  An orc warlord (Bailey)
  Harold (D:10)
  6 two-headed ogres (D:10)
  The ghost of edsrzf the Bewitcher, a journeyman SpCA of Ignis (D:10)
  Sonja (D:11)
  The ghost of JaredAshtonScott the Ducker, a novice DjFE of Makhleb (D:6)
  2 orc knights (Bailey)
  An unseen horror (D:8)
  A komodo dragon (D:10)
  A troll (D:10)
  3 wraiths (D:11)
  A wyvern (D:7)
  7 yaks (D:9)
  3 steam dragons
  A sky beast (D:7)
  10 orc warriors
  4 black bears
  4 ice beasts
  3 ogres
  3 centaurs
  2 phantoms
  6 kobold brigands
  6 bullfrogs
  A gnoll sergeant (D:11)
  6 scorpions
  6 wights
  9 killer bees (D:8)
  2 howler monkeys
  6 hounds
  3 orc priests
  A sleepcap (D:5)
  2 gnoll boudas
  Crazy Yiuf (D:2)
  5 iguanas
  10 orc wizards
  17 gnolls
  14 adders
  4 river rats
  A shadow imp (D:7)
  3 ufetubi
  2 worms
  2 dart slugs
  41 orcs
  17 ball pythons
  5 bats
  6 endoplasms
  8 giant cockroaches
  13 hobgoblins
  6 jackals
  10 quokkas
  15 frilled lizards
  15 goblins
  24 kobolds
  13 rats
337 creatures vanquished.

Vanquished Creatures (collateral kills)
  3 orc warriors (Bailey)
  2 orcs (Bailey)
5 creatures vanquished.

Vanquished Creatures (others)
  3 orcs (D:9)
  15 fungi (D:10)
  12 plants (D:10)
30 creatures vanquished.

Grand Total: 372 creatures vanquished

Notes
Turn   | Place    | Note
-------+----------+-------------------------------------------
     0 | D:1      | edsrzf the Mummy Reaver began the quest for the Orb.
     0 | D:1      | Reached XP level 1. HP: 16/16 MP: 4/4
   165 | D:1      | Reached skill level 3 in Maces & Flails
   165 | D:1      | Reached XP level 2. HP: 17/22 MP: 5/5
   720 | D:1      | Found a faded altar of an unknown god.
   856 | D:1      | Prayed at the altar of an unknown god.
   856 | D:1      | Became a worshipper of Nemelex Xobeh the Trickster
   856 | D:1      | Reached * piety under Nemelex Xobeh
   933 | D:1      | Gained mutation: You are in touch with the powers of death.
                  | [Mummy growth]
   933 | D:1      | Reached XP level 3. HP: 24/27 MP: 7/7
  1113 | D:2      | Received a gift from Nemelex Xobeh
  1205 | D:2      | Found a radiant altar of Vehumet.
  1304 | D:2      | Found a runed translucent door.
  1305 | D:2      | Noticed Crazy Yiuf
  1531 | D:2      | Identified 4 scrolls of poison
  1580 | D:2      | Reached ** piety under Nemelex Xobeh
  1667 | D:2      | Killed Crazy Yiuf
  1668 | D:2      | Reached skill level 4 in Maces & Flails
  1668 | D:2      | Reached XP level 4. HP: 29/33 MP: 8/8
  2209 | D:4      | Found a staircase to the Ecumenical Temple.
  2226 | D:4      | Reached XP level 5. HP: 31/38 MP: 9/9
  2255 | D:4      | Reached skill level 5 in Maces & Flails
  2256 | D:4      | Identified 3 scrolls of noise
  2257 | D:4      | Identified 2 scrolls of amnesia
  2258 | D:4      | Identified a scroll of vulnerability
  2259 | D:4      | Identified a scroll of enchant armour
  2260 | D:4      | Identified a scroll of identify
  2260 | D:4      | Identified a scroll of torment
  2419 | D:4      | Reached XP level 6. HP: 36/44 MP: 10/10
  2422 | D:4      | Found a glowing drain.
  2444 | Sewer    | Entered a sewer
  2704 | Sewer    | Reached skill level 6 in Maces & Flails
  2937 | D:4      | Noticed an orc warrior
  2942 | D:4      | Killed an orc warrior
  2943 | D:4      | Reached XP level 7. HP: 42/50 MP: 11/11
  3138 | D:4      | Found Ceitziatz's General Store.
  3143 | D:4      | Found Zionwota's Jewellery Boutique.
  3153 | D:4      | Received a gift from Nemelex Xobeh
  3166 | D:4      | Reached *** piety under Nemelex Xobeh
  3185 | D:4      | Reached skill level 7 in Maces & Flails
  3273 | D:4      | Identified a scroll of enchant weapon
  3357 | D:4      | Found Acroeruh's Armour Emporium.
  3668 | D:4      | Found Banoul's Distillery.
  3697 | D:5      | Entered Level 5 of the Dungeon
  3735 | D:5      | Reached skill level 8 in Maces & Flails
  3823 | D:5      | Reached XP level 8. HP: 47/56 MP: 12/12
  4083 | D:5      | Identified a scroll of silence
  4143 | D:5      | Reached skill level 9 in Maces & Flails
  4557 | D:5      | Received a gift from Nemelex Xobeh
  4705 | D:6      | Reached **** piety under Nemelex Xobeh
  4731 | D:6      | Received a gift from Nemelex Xobeh
  4734 | D:6      | Found an opulent altar of Gozag.
  4796 | D:6      | Reached skill level 1 in Invocations
  4840 | D:6      | Identified a scroll of acquirement
  4841 | D:6      | Acquired the ring "Peyrore" {rF+ AC+4 Str+4}
  4888 | D:6      | Reached skill level 2 in Invocations
  4904 | D:6      | Found a runed translucent door.
  4931 | D:6      | Reached XP level 9. HP: 61/61 MP: 13/13
  4936 | D:6      | Reached skill level 10 in Maces & Flails
  4943 | D:6      | Noticed JaredAshtonScott's ghost (novice DjFE)
  4959 | D:6      | Identified a scroll of fear
  4994 | D:6      | You fall into a shaft and drop 1 floor!
  5023 | D:6      | Reached skill level 3 in Invocations
  5211 | D:6      | Reached skill level 3 in Spellcasting
  5225 | D:6      | Found a hazy altar of Hepliaklqana.
  5302 | D:6      | Found a bloodstained altar of Trog.
  5399 | D:6      | Found a runed translucent door.
  5408 | D:6      | Found a basalt altar of Yredelemnul.
  5499 | D:6      | Killed JaredAshtonScott's ghost
  5500 | D:6      | Reached skill level 5 in Spellcasting
  5609 | D:7      | Received a gift from Nemelex Xobeh
  5686 | D:7      | Identified a scroll of teleportation
  5713 | D:7      | Reached skill level 3 in Fighting
  5982 | D:7      | Reached skill level 4 in Fighting
  5982 | D:7      | Reached skill level 11 in Maces & Flails
  6044 | D:7      | Reached XP level 10. HP: 62/73 MP: 15/18
  6336 | D:8      | Identified a scroll of immolation
  6380 | D:8      | Reached skill level 5 in Fighting
  6414 | D:8      | Found a flagged portal.
  6429 | Bailey   | Entered a bailey
  6429 | Bailey   | Reached ***** piety under Nemelex Xobeh
  6735 | Bailey   | Reached skill level 2 in Dodging
  6747 | Bailey   | Acquired the +18 shield of the Gong {Loud rN+ Will+ rCorr
                  | EV-5}
  6747 | Bailey   | Found the +18 shield of the Gong {Loud rN+ Will+ rCorr
                  | EV-5}
  6774 | Bailey   | Noticed an orc warlord
  6775 | Bailey   | Noticed an orc knight
  6845 | Bailey   | Noticed an orc knight
  6861 | Bailey   | Killed an orc knight
  6862 | Bailey   | Reached skill level 3 in Dodging
  6868 | Bailey   | Killed an orc knight
  6896 | Bailey   | Killed an orc warlord
  6897 | Bailey   | Reached skill level 2 in Shields
  6984 | Bailey   | Reached skill level 12 in Maces & Flails
  7134 | D:8      | Found a radiant altar of Vehumet.
  7218 | D:8      | Received a gift from Nemelex Xobeh
  7458 | D:8      | Identified 2 scrolls of magic mapping
  7519 | D:8      | Reached skill level 3 in Shields
  7658 | D:9      | Found Nalewn's Assorted Antiques.
  7661 | D:9      | Bought a brightly glowing marble ring for 145 gold pieces
  7661 | D:9      | Identified the ring of Qeisal {Contam rPois Will+ Int+6
                  | Slay+3} (You bought it in a shop on level 9 of the Dungeon)
  7750 | D:9      | Reached XP level 11. HP: 78/80 MP: 17/19
  7803 | D:9      | Received a gift from Nemelex Xobeh
  7838 | D:9      | Reached skill level 4 in Shields
  8184 | D:10     | Entered Level 10 of the Dungeon
  8207 | D:10     | Identified the amulet "Weman" {Reflect Dex+2 Slay+3 SH+5
                  | SInv}
  8242 | D:10     | Noticed Harold
  8259 | D:10     | Killed Harold
  8308 | D:10     | Noticed a two-headed ogre
  8322 | D:10     | Killed a two-headed ogre
  8479 | D:10     | Acquired 929 gold pieces
  8510 | D:10     | Identified the +2 pair of gloves "Benih" {rPois rF+ Dex-2}
  8634 | D:10     | Reached skill level 5 in Shields
  8653 | D:10     | Received a gift from Nemelex Xobeh
  8700 | D:10     | Found a staircase to the Lair.
  8708 | D:10     | Noticed a two-headed ogre
  8719 | D:10     | Killed a two-headed ogre
  8818 | D:10     | Found a portal to a secret trove of treasure.
  8858 | D:10     | Noticed edsrzf's ghost (journeyman SpCA)
  8861 | D:10     | Noticed a two-headed ogre
  8861 | D:10     | Identified the +9 great mace of Growth {flame, rElec Int+4
                  | Dex+3}
  8861 | D:10     | Noticed a two-headed ogre
  8877 | D:10     | Found a transporter.
  8877 | D:10     | Found a transporter.
  8877 | D:10     | Noticed a two-headed ogre
  8879 | D:10     | Noticed a two-headed ogre
  9094 | D:10     | Killed edsrzf's ghost
  9094 | D:10     | Killed a two-headed ogre
  9095 | D:10     | Reached skill level 13 in Maces & Flails
  9095 | D:10     | Reached skill level 6 in Shields
  9099 | D:10     | Killed a two-headed ogre
  9106 | D:10     | Killed a two-headed ogre
  9110 | D:10     | Killed a two-headed ogre
  9124 | D:10     | Identified 2 scrolls of fog
  9125 | D:10     | Identified 3 scrolls of brand weapon
  9330 | D:11     | Noticed Sonja
  9356 | D:11     | Killed Sonja
  9363 | D:11     | Noticed Josephine
  9376 | D:11     | Reached skill level 7 in Shields
  9376 | D:11     | Reached XP level 12. HP: 8/86 MP: 20/20
  9378 | D:11     | Killed from afar by Josephine

Illustrated notes

Levels and vault maps discovered:
D:1:      giann_bridges, layout_basic, shapermc_ecumenical_altar_venn,
          minmay_misc_feat_hallway
D:2:      layout_rooms, basic_altar, amcnicky_mini_rare_corridor_liquid,
          uniq_crazy_yiuf_cottage
D:3:      layout_rooms
D:4:      layout_gridville, minmay_temple_entry_gardened_gates, serial_shops,
          shop, shop, shop, shop, portal_sewer_entry_e, glass_columns_a,
          kennysheep_generic_room_8
D:5:      layout_loops_ring, kennysheep_generic_room_7
D:6:      layout_gridville, lemuel_coloured_pillars_altar,
          lightli_temple_of_fire, mainiacjoe_overflow_catch_the_wave,
          ebering_ghost_sewer_f
D:7:      layout_rooms
D:8:      layout_loops_ring, nicolae_overflow_crystal_walls, serial_glass,
          glass_columns_a, glass_columns_b, glass_columns_a, glass_columns_c,
          enter_bailey_3
D:9:      nicolae_BIG_FREAKIN_CUBE, layout_rooms, serial_shops,
          nicolae_stop_n_shop_2
D:10:     layout_irregular_city, grunt_lair_entry_orc_guard_hut,
          gammafunk_ghost_smash, enter_trove_2, uniq_harold
D:11:     layout_basic, minmay_orc_entry_temple_small,
          kennysheep_generic_room_14, uniq_sonja, uniq_josephine

Skill      XL: |  1  2  3  4  5  6  7  8  9 10 11 |
---------------+----------------------------------+-----
Maces & Flails | 3 4 5 6 8 9 11 12 13 | 13.5
Invocations    | 2 3 |  3.0
Spellcasting   | 5 |  5.3
Fighting       | 4 5 |  5.2
Dodging        | 3 |  3.2
Shields        | 3 7 |  7.0
Conjurations   | |  2.4

Action                     |  1- 3 |  4- 6 |  7- 9 | 10-12 || total
---------------------------+-------+-------+-------+-------++-------
  Melee: Mace              |   164 |    93 |       |       ||   257
         Punch             |     2 |       |     7 |     1 ||    10
         Flail             |       |   177 |   407 |   499 ||  1083
  Throw: Dart              |       |       |     2 |     3 ||     5
 Invoke: Draw Destruction  |       |     6 |     1 |     6 ||    13
         Draw Summoning    |       |       |       |     1 ||     1
  Evoke: Wand              |       |       |       |     7 ||     7
    Use: Scroll            |     1 |     5 |     6 |     8 ||    20
 Armour: Leather armour    |    37 |   175 |   215 |   152 ||   579
  Dodge: Dodged            |   129 |   203 |   245 |   110 ||   687
  Block: Kite shield       |       |       |       |   355 ||   355
         Reflection        |       |       |       |     7 ||     7
